 Dungeon Crawl Stone Soup version 0.24.0-125-gc4c63601f3 (webtiles) character file.

Game seed: 17412848459626703876, levelgen mode: deterministic

7878 P0ring the Grappler (level 11, -7/101 HPs)
             Began as a Troll Chaos Knight on Mar 9, 2020.
             Was a Plaything of Xom.
             Mangled by a spiny frog (16 damage)
             ... on level 2 of the Lair of Beasts on Mar 10, 2020.
             The game lasted 00:43:46 (8647 turns).

P0ring the Grappler (Troll Chaos Knight)            Turns: 8647, Time: 00:43:46

Health: -7/101     AC: 10    Str: 25    XL:     11   Next: 2%
Magic:  10/10      EV: 12    Int:  8    God:    Xom [*.....]
Gold:   147        SH:  0    Dex:  9    Spells: 10/10 levels left

rFire    . . .     SeeInvis .     - Unarmed
rCold    . . .     Gourm    +   (no shield)
rNeg     . . .     Faith    .   a - +2 robe
rPois    .         Spirit   .   (helmet restricted)
rElec    .         Reflect  .   L - scarf {cloud immunity}
rCorr    .         Harm     .   (gloves unavailable)
MR       +....                  (boots unavailable)
Stlth    ++........             (no amulet)
HPRegen  0.66/turn              G - +2 ring of protection
MPRegen  0.12/turn              x - ring of protection from magic

@: lethally poisoned (-7 -> -27)
A: large, unfitting armour, claws 3, fast metabolism 3, gourmand, mutation
resistance 1, sense surroundings 1, regeneration 1, shaggy fur 1, tough skin 3
a: Renounce Religion


You were on level 2 of the Lair of Beasts.
You worshipped Xom.
You were a special plaything of Xom.
You were full.

You visited 2 branches of the dungeon, and saw 10 of its levels.
You also visited: Sewer.

You collected 447 gold pieces.
You spent 300 gold pieces at shops.

Inventory:

Armour
 a - a +2 robe (worn)
 H - a +1 robe
 I - a +0 robe
 J - a +0 robe
 L - a scarf of cloud immunity (worn)
Jewellery
 m - an uncursed ring of see invisible
 t - an uncursed ring of magical power
 x - a ring of protection from magic (right claw)
 C - a +3 ring of intelligence
 G - a +2 ring of protection (left claw)
Wands
 q - a wand of iceblast (8)
 K - a wand of flame (41)
 M - a wand of acid (12)
Scrolls
 c - a scroll of magic mapping
 e - 5 scrolls of identify
 g - 4 scrolls of remove curse
 i - 9 scrolls of teleportation
 j - a scroll of blinking {unknown}
 k - a scroll of fear {unknown}
 o - a scroll of amnesia
 v - a scroll of noise {unknown}
 w - a scroll of enchant armour
 y - 2 scrolls of immolation {unknown}
 A - 2 scrolls of enchant weapon
 B - a scroll of fog
 E - a scroll of summoning {unknown}
Potions
 d - 2 potions of invisibility {unknown}
 f - a potion of agility {unknown}
 h - a potion of magic {unknown}
 l - 2 potions of curing
 n - 2 potions of degeneration {unknown}
 p - a potion of resistance {unknown}
 r - 6 potions of flight
 s - 2 potions of brilliance {unknown}
 u - 2 potions of ambrosia {unknown}
 z - 3 potions of haste {unknown}
 D - a potion of cancellation {unknown}
 F - a potion of mutation {unknown}
 O - a potion of lignification {unknown}
Miscellaneous
 N - a fan of gales
Comestibles
 b - 20 rations


   Skills:
 + Level 4.8 Fighting
 + Level 6.8 Dodging
 + Level 3.2 Stealth
 + Level 13.1 Unarmed Combat


You had 10 spell levels left.
You didn't know any spells.
Your spell library contained the following spells:

 Spells                   Type           Power        Failure   Level  Hunger
 Confusing Touch          Hex            #.....       41%         1    ##.....
 Magic Dart               Conj           #...         41%         1    ##.....
 Blink                    Tloc           N/A          54%         2    ###....
 Call Imp                 Summ           #.......     54%         2    ###....
 Slow                     Hex            #.......     54%         2    ###....
 Confuse                  Hex            #.......     78%         3    ####...
 Conjure Flame            Conj/Fire      #.......     78%         3    ####...
 Gell's Gravitas          Tloc           #.........   78%         3    ####...
 Mephitic Cloud           Conj/Pois/Air  #.......     78%         3    ####...
 Petrify                  Tmut/Erth      #.......     99%         4    #####..
 Metabolic Englaciation   Hex/Ice        #.........   100%        5    ######.
 Yara's Violent Unravell  Hex/Tmut       #.........   100%        5    ######.


Dungeon Overview and Level Annotations

Branches:
Dungeon (8/15)             Temple (0/1) D:5            Lair (2/6) D:8
  Sewer (visited)
  Swamp: Lair:2-4    Shoals: Lair:2-4     Snake: Lair:2-4    Spider: Lair:2-4

Altars:
Cheibriados
Dithmenos
Kikubaaqudgha
Makhleb
Nemelex Xobeh
Okawaru
Uskayaw
Vehumet
Xom
Zin
The Shining One

Shops:
D:7 *%*


Innate Abilities, Weirdness & Mutations

You are too large for most types of armour.
You have claws for hands.
Your metabolism is lightning-fast.
You like to eat raw meat.
Your natural rate of healing is unusually fast.
You are covered in fur. (AC +1)
You have extremely tough skin. (AC +3)
You are somewhat resistant to further mutation.
You passively map a small area around you.


Message History

The spiny frog barely misses you.
You claw the spiny frog!
The spiny frog is severely wounded.
You feel very sick. The spiny frog closely misses you.
You barely miss the spiny frog.
The spiny frog is severely wounded.
You feel very sick. The spiny frog stings you!!
* * * LOW HITPOINT WARNING * * *
You closely miss the spiny frog.
The spiny frog is severely wounded.
* * * LOW HITPOINT WARNING * * *
You feel sick. The spiny frog stings you!
* * * LOW HITPOINT WARNING * * *
You closely miss the spiny frog.
The spiny frog is severely wounded.
* * * LOW HITPOINT WARNING * * *
You feel sick. The spiny frog stings you!
You die...

, , , ##....###
...,....... , , ,
#..,⌠.....⌠ , ⌠, , , ,
##... ..... , , ..#
,,.....##...# ..#
#.........###* , * ..# ,
.#.....#†F..# .# ..# ,
#......#@...# #.# , ..#
#......##....⌠.. ,
..#*.#.###.....#.##......
,
..##.##.#......##.##..>.#
,
.<..................###..
.........................
.........................,
,
.........................
...PP.#..................,
,


You could see a spiny frog.

Vanquished Creatures
  A black mamba (Lair:2)
  2 spiny frogs (Lair:1)
  2 komodo dragons
  A polar bear (Lair:1)
  7 blink frogs
  Sigmund (D:3)
  A wyvern (D:8)
  3 steam dragons
  Menkaure (D:7)
  A porcupine (Lair:1)
  2 water moccasins (Lair:1)
  3 ice beasts (D:6)
  A sky beast (D:8)
  3 phantoms
  An orc warrior (D:6)
  3 ogres (D:6)
  2 centaurs
  6 crocodiles
  5 bullfrogs
  2 scorpions
  2 howler monkeys (D:5)
  4 wights (D:6)
  2 electric eels (Lair:1)
  A crimson imp (D:8)
  A bullfrog zombie (D:5)
  6 hounds
  A centaur skeleton (D:7)
  2 jellies (D:6)
  4 orc priests
  2 orc wizards
  5 iguanas
  A merfolk siren (Sewer)
  6 worker ants
  A merfolk avatar (Sewer)
  A hound skeleton (D:4)
  A hound zombie (D:7)
  2 howler monkey skeletons (D:4)
  Robin (D:4)
  A gnoll (D:3)
  13 adders
  3 river rats
  A shadow imp (D:7)
  2 oozes (D:5)
  2 adder skeletons
  A worm (D:2)
  8 leopard geckos
  20 orcs
  3 ball pythons
  11 giant cockroaches
  22 goblins
  8 hobgoblins
  8 jackals
  13 kobolds
  8 quokkas
  8 bats
  8 frilled lizards
  A jackal skeleton (D:4)
  A jackal zombie (D:5)
  A quokka zombie (D:5)
  31 rats
265 creatures vanquished.

Vanquished Creatures (collateral kills)
  A blink frog (Lair:1)
  An orc warrior (D:6)
  A phantom (D:4)
  A scorpion (D:6)
  3 orcs (D:6)
7 creatures vanquished.

Vanquished Creatures (others)
  A blink frog (Lair:1)
  A fungus (D:5)
2 creatures vanquished.

Grand Total: 274 creatures vanquished

Notes
Turn   | Place    | Note
-------+----------+-------------------------------------------
     0 | D:1      | P0ring the Troll Chaos Knight began the quest for the Orb.
     0 | D:1      | Reached XP level 1. HP: 22/22 MP: 0/0
    95 | D:1      | Reached XP level 2. HP: 21/29 MP: 1/1
   313 | D:1      | XOM is BORED!
   313 | D:1      | XOM: harmless Fire miscast
   436 | D:1      | XOM: divination: detect items
   630 | D:1      | XOM: harmless Erth miscast
   709 | D:2      | XOM: harmless Fire miscast
   729 | D:2      | Reached XP level 3. HP: 36/36 MP: 2/2
   932 | D:2      | You fall into a shaft and drop 2 floors!
  1052 | D:4      | Found an ancient bone altar of Kikubaaqudgha.
  1058 | D:4      | XOM: harmless Fire miscast
  1062 | D:4      | Reached skill level 4 in Unarmed Combat
  1072 | D:4      | Reached XP level 4. HP: 39/44 MP: 3/3
  1106 | D:3      | Reached XP level 5. HP: 35/53 MP: 4/4
  1438 | D:3      | Noticed Sigmund
  1443 | D:3      | Reached skill level 5 in Unarmed Combat
  1454 | D:3      | XOM: divination: detect creatures
  1462 | D:3      | Killed Sigmund
  1462 | D:3      | Reached XP level 6. HP: 45/61 MP: 5/5
  1627 | D:3      | XOM: polymorph bat -> gnoll
  1634 | D:3      | XOM: harmless Pois miscast
  1783 | D:3      | XOM: mild Conj miscast
  1885 | D:2      | Found a burning altar of Makhleb.
  1998 | D:2      | XOM: scenery: create altars
  2030 | D:2      | Reached skill level 6 in Unarmed Combat
  2127 | D:2      | XOM: give mutations
  2127 | D:2      | Gained mutation: You are somewhat resistant to further
                  | mutation. [Xom's grace]
  2127 | D:2      | Gained mutation: You passively map a small area around you.
                  | [Xom's grace]
  2298 | D:2      | XOM: polymorph goblin -> jackal
  2780 | D:4      | XOM: god gift: scroll labeled ESAGOSOUNUP {god gift}
  2828 | D:4      | Noticed Robin
  2851 | D:4      | Killed Robin
  2955 | D:4      | Reached XP level 7. HP: 67/67 MP: 6/6
  3000 | D:4      | XOM: mild Chrm miscast
  3167 | D:4      | XOM: summons 7 friendly demons
  3184 | D:4      | Reached skill level 7 in Unarmed Combat
  3482 | D:4      | XOM: cloud trail
  3568 | D:5      | Entered Level 5 of the Dungeon
  3585 | D:5      | XOM: fog
  3629 | D:5      | XOM: harmless Ice miscast
  3676 | D:5      | Found a glowing golden altar of the Shining One.
  3676 | D:5      | Found a hide-covered altar of Uskayaw.
  3678 | D:5      | Found a snail-covered altar of Cheibriados.
  3704 | D:5      | Found a staircase to the Ecumenical Temple.
  3806 | D:5      | Found a glowing drain.
  3810 | Sewer    | Entered a sewer
  3897 | Sewer    | XOM: noise
  3919 | Sewer    | Reached XP level 8. HP: 50/75 MP: 7/7
  4445 | D:5      | Reached skill level 8 in Unarmed Combat
  4500 | D:5      | XOM: noise
  4583 | D:5      | XOM: divination: detect creatures
  4612 | D:5      | Found a sparkling altar of Nemelex Xobeh.
  4669 | D:5      | XOM is BORED!
  4669 | D:5      | XOM: mild Pois miscast
  4692 | D:5      | Found a glowing silver altar of Zin.
  4811 | D:5      | Reached skill level 1 in Stealth
  4814 | D:5      | Reached skill level 9 in Unarmed Combat
  4863 | D:5      | XOM: cloud trail
  4920 | D:6      | XOM: smoke on damage
  4922 | D:6      | XOM: summons friendly chaos spawn
  5067 | D:6      | Reached skill level 5 in Dodging
  5097 | D:6      | Found a shadowy altar of Dithmenos.
  5146 | D:6      | XOM: divination: magic mapping
  5160 | D:6      | Reached XP level 9. HP: 26/84 MP: 8/8
  5164 | D:6      | Reached skill level 10 in Unarmed Combat
  5346 | D:6      | Found an iron altar of Okawaru.
  5493 | D:6      | XOM: cast spell 'Shadow Creatures'
  5607 | D:6      | Found an iron altar of Okawaru.
  5818 | D:7      | Found a radiant altar of Vehumet.
  5904 | D:7      | XOM: 2-stop teleportation journey
  5931 | D:7      | XOM: 2-stop teleportation journey
  6107 | D:7      | Noticed Menkaure
  6113 | D:7      | XOM: fog
  6116 | D:7      | Killed Menkaure
  6203 | D:7      | Found Bajuody's Mayhem Merchandise.
  6205 | D:7      | Found Ceafe's Food Shoppe.
  6224 | D:7      | Bought a ration for 50 gold pieces
  6224 | D:7      | Bought a ration for 50 gold pieces
  6224 | D:7      | Bought a ration for 50 gold pieces
  6224 | D:7      | Bought a ration for 50 gold pieces
  6224 | D:7      | Bought a ration for 50 gold pieces
  6224 | D:7      | Bought a ration for 50 gold pieces
  6240 | D:7      | Reached skill level 11 in Unarmed Combat
  6481 | D:7      | Found Vuch's General Store.
  6618 | D:7      | XOM: confuse monster(s)
  6848 | D:7      | XOM: scenery: create altars
  7319 | D:8      | XOM: enchant monster (good)
  7349 | D:8      | Noticed a komodo dragon
  7355 | D:8      | Reached XP level 10. HP: 80/92 MP: 9/9
  7401 | D:8      | Found a staircase to the Lair.
  7556 | Lair:1   | Entered Level 1 of the Lair of Beasts
  7558 | Lair:1   | XOM: cast spell 'Metabolic Englaciation'
  7563 | Lair:1   | XOM: god gift: fan of gales
  7568 | Lair:1   | Reached skill level 12 in Unarmed Combat
  7599 | Lair:1   | Noticed a spiny frog
  7604 | Lair:1   | Killed a spiny frog
  7641 | Lair:1   | XOM: polymorph komodo dragon -> polar bear
  7642 | Lair:1   | XOM: cast spell 'Cause Fear'
  7666 | Lair:1   | XOM: enchant monster (good)
  7723 | Lair:1   | Noticed a spiny frog
  7725 | Lair:1   | XOM: summons friendly ufetubus
  7731 | Lair:1   | Killed a spiny frog
  7846 | Lair:1   | Found a dark tunnel.
  7899 | Lair:1   | XOM: summons 4 hostile demons
  7902 | Lair:1   | XOM: divine lightning
  7919 | Lair:1   | HP: 1/94 [blink frog (9)]
  7920 | Lair:1   | XOM: confusion
  7926 | Lair:1   | XOM: summons 10 friendly demons
  8519 | Lair:2   | XOM: medium Erth miscast
  8535 | Lair:2   | XOM: harmless Tmut miscast
  8537 | Lair:2   | Reached skill level 13 in Unarmed Combat
  8537 | Lair:2   | XOM: confusion
  8540 | Lair:2   | XOM: harmless Fire miscast
  8636 | Lair:2   | Noticed a black mamba
  8636 | Lair:2   | Noticed a spiny frog
  8641 | Lair:2   | Killed a black mamba
  8641 | Lair:2   | Reached XP level 11. HP: 63/101 MP: 10/10
  8647 | Lair:2   | Mangled by a spiny frog

Levels and vault maps discovered:
D:1:      onia_arrival_pyramid, layout_basic, chequers_serial_rivers_marsh,
          minmay_tromino_mix6
D:2:      kennysheep_the_goblin_king, layout_loops_corners,
          makhleb_blood_cavern_becter, first_ration, minmay_tripent
D:3:      layout_loops_ring, uniq_sigmund
D:4:      layout_basic, kennysheep_little_box, st_stairs_3, grunt_decor_cap,
          uniq_robin
D:5:      kennysheep_steamy, layout_basic, marbit_many_paths,
          lemuel_doored_altar, gammafunk_temple_overflow_claw,
          minmay_temple_entry_mist, gup_sewer_entry_spiral
D:6:      layout_rooms, lemuel_coloured_pillars_altar, lemuel_round_altar,
          okawaru_metal_pillars_1_2
D:7:      layout_layer_cave, serial_shops, shop, nicolae_shop_waterfront,
          minmay_shop_mayhem, vehumet_altar_wand_db, uniq_menkaure
D:8:      layout_loops_ring, erik_lair_dragon
Lair:1:   statuecave_lemuel, layout_gridlike, nicolae_volcano_entry_hallway
Lair:2:   layout_regular_city, roderic_batcave, minmay_holes,
          grunt_megastairs_5, serial_bayou_shore_a

Skill      XL: |  1  2  3  4  5  6  7  8  9 10 |
---------------+-------------------------------+-----
Dodging        | 2 3 4 5 6 |  6.8
Unarmed Combat | 4 5 6 7 9 11 13 | 13.1
Fighting       | 3 4 |  4.8
Stealth        | 1 2 3 |  3.2

Action                   |  1- 3 |  4- 6 |  7- 9 | 10-12 || total
-------------------------+-------+-------+-------+-------++-------
Melee: Unarmed           |    97 |   190 |   409 |   116 ||   812
       Punch             |       |     2 |    12 |     6 ||    20
  Use: Scroll            |       |     2 |    12 |       ||    14
       Potion            |       |       |     4 |     4 ||     8
 Stab: Sleeping          |       |       |     4 |     1 ||     5
       Paralysed         |       |       |     2 |     2 ||     4
  Eat: Chunk             |     6 |    23 |    30 |    12 ||    71
       Ration            |     1 |       |     2 |       ||     3
Armor: Robe              |    52 |    93 |   142 |    34 ||   321
Dodge: Dodged            |    60 |   128 |   225 |    60 ||   473
